TOP OF THE 1ST |
Kansas City Royals batting - Pitching for Arizona Diamondbacks : RHP Dinelson Lamet
|
Pitching: RHP Dinelson Lamet
|
|
Batting: RHB Manuel Margot
|
0-0: Ball 1-0: Ball 2-0: Called Strike 2-1: Swinging Strike 2-2: Strikes out swinging
|
Batting: RHB Howie Kendrick
|
0-0: Ball 1-0: Fly out, F9 (Flyball, 89M, EV 89.4 MPH)
|
Batting: LHB Anthony Rizzo
|
0-0: Ball 1-0: Called Strike 1-1: Foul Ball, location: 2F 1-2: Ball 2-2: Ball 3-2: Fly out, F8 (Flyball, 89M, EV 81.9 MPH)
|
Top of the 1st over - 0 runs, 0 hits, 0 errors, 0 left on base; Kansas City 0 - Arizona 0 |
BOTTOM OF THE 1ST |
Arizona Diamondbacks batting - Pitching for Kansas City Royals : RHP Aaron Nola
|
Pitching: RHP Aaron Nola
|
|
Batting: LHB Raimel Tapia
|
0-0: Ground out 6-3 (Groundball, 4MD, EV 110.6 MPH)
|
Batting: LHB Socrates Brito
|
0-0: Called Strike 0-1: Swinging Strike 0-2: Strikes out swinging
|
Batting: RHB Gleyber Torres
|
0-0: Called Strike 0-1: Foul Ball, location: 2F 0-2: Ball 1-2: Strikes out swinging
|
Bottom of the 1st over - 0 runs, 0 hits, 0 errors, 0 left on base; Kansas City 0 - Arizona 0 |
TOP OF THE 2ND |
Kansas City Royals batting - Pitching for Arizona Diamondbacks : RHP Dinelson Lamet
|
Batting: RHB Nolan Arenado
|
0-0: Called Strike 0-1: Called Strike 0-2: Foul Ball, location: 2F 0-2: Foul Ball, location: 2F 0-2: Foul Ball, location: 2F 0-2: Ball 1-2: Foul Ball, location: 2F 1-2: Ball 2-2: SINGLE (Groundball, 4MS, EV 77.5 MPH) (infield hit)
|
Batting: SHB Jurickson Profar
|
0-0: Called Strike 0-1: Grounds into double play, 6-4-3 (Groundball, 56, EV 101.9 MPH)
|
Batting: RHB Dansby Swanson
|
0-0: Ground out 1-3 (Groundball, 13, EV 70.0 MPH)
|
Top of the 2nd over - 0 runs, 1 hit, 0 errors, 0 left on base; Kansas City 0 - Arizona 0 |
BOTTOM OF THE 2ND |
Arizona Diamondbacks batting - Pitching for Kansas City Royals : RHP Aaron Nola
|
Batting: RHB Anthony Rendon
|
0-0: Fly out, F6 (Line Drive, 6, EV 67.5 MPH)
|
Batting: RHB Fernando Tatis Jr.
|
0-0: Called Strike 0-1: Called Strike 0-2: Ball 1-2: Ball 2-2: Foul Ball, location: 2F 2-2: Strikes out swinging
|
Batting: LHB Ryan McMahon
|
0-0: Ball 1-0: Fly out, F9 (Flyball, 9LD, EV 91.3 MPH)
|
Bottom of the 2nd over - 0 runs, 0 hits, 0 errors, 0 left on base; Kansas City 0 - Arizona 0 |
TOP OF THE 3RD |
Kansas City Royals batting - Pitching for Arizona Diamondbacks : RHP Dinelson Lamet
|
Batting: RHB Sean Murphy
|
0-0: Ball 1-0: Called Strike 1-1: Swinging Strike 1-2: Foul Ball, location: 2F 1-2: Ball 2-2: Ball 3-2: Foul Ball, location: 2F 3-2: Strikes out looking
|
Batting: LHB Alex Gordon
|
0-0: Ball 1-0: Ball 2-0: Swinging Strike 2-1: Ball 3-1: Foul Ball, location: 2F 3-2: Foul Ball, location: 2F 3-2: Strikes out swinging
|
Batting: RHB Aaron Nola
|
0-0: Ball 1-0: Ball 2-0: Ball 3-0: Called Strike 3-1: Ground out 3-1 (Groundball, 34S, EV 85.6 MPH)
|
Top of the 3rd over - 0 runs, 0 hits, 0 errors, 0 left on base; Kansas City 0 - Arizona 0 |
BOTTOM OF THE 3RD |
Arizona Diamondbacks batting - Pitching for Kansas City Royals : RHP Aaron Nola
|
Batting: LHB Josh Reddick
|
0-0: Called Strike 0-1: Called Strike 0-2: SOLO HOME RUN (Flyball, 9LD, EV 103.1 MPH), Distance : 353 ft
|
Batting: SHB Francisco Mejia
|
0-0: Swinging Strike 0-1: Swinging Strike 0-2: Ball 1-2: Strikes out swinging
|
Batting: RHB Dinelson Lamet
|
0-0: Ball 1-0: Foul Ball, location: 2F 1-1: SINGLE (Groundball, 56D, EV 100.0 MPH)
|
Batting: LHB Raimel Tapia
|
0-0: Ball 1-0: Ball 2-0: Called Strike 2-1: Ball 3-1: Called Strike 3-2: Strikes out looking
|
Batting: LHB Socrates Brito
|
0-0: Swinging Strike 0-1: Ball 1-1: 2-RUN HOME RUN (Flyball, 89XD, EV 105.6 MPH), Distance : 410 ft
|
Batting: RHB Gleyber Torres
|
0-0: Ball 1-0: Foul Ball, location: 2F 1-1: Foul Ball, location: 2F 1-2: Foul Ball, location: 2F 1-2: Strikes out swinging
|
Bottom of the 3rd over - 3 runs, 3 hits, 0 errors, 0 left on base; Kansas City 0 - Arizona 3 |
TOP OF THE 4TH |
Kansas City Royals batting - Pitching for Arizona Diamondbacks : RHP Dinelson Lamet
|
Batting: RHB Manuel Margot
|
0-0: Swinging Strike 0-1: Foul Ball, location: 2F 0-2: Strikes out looking
|
Batting: RHB Howie Kendrick
|
0-0: Ball 1-0: Fly out, F8 (Line Drive, 8LD, EV 90.6 MPH)
|
Batting: LHB Anthony Rizzo
|
0-0: Ball 1-0: Foul Ball, location: 2F 1-1: Swinging Strike 1-2: Strikes out looking
|
Top of the 4th over - 0 runs, 0 hits, 0 errors, 0 left on base; Kansas City 0 - Arizona 3 |
BOTTOM OF THE 4TH |
Arizona Diamondbacks batting - Pitching for Kansas City Royals : RHP Aaron Nola
|
Batting: RHB Anthony Rendon
|
0-0: Ball 1-0: Called Strike 1-1: Ball 2-1: Called Strike 2-2: Ball 3-2: Base on Balls
|
Batting: RHB Fernando Tatis Jr.
|
0-0: Fly out, F8 (Flyball, 8RD, EV 88.8 MPH)
|
Batting: LHB Ryan McMahon
|
0-0: Called Strike 0-1: Called Strike 0-2: Strikes out swinging
|
Batting: LHB Josh Reddick
|
0-0: Called Strike 0-1: Ball 1-1: Called Strike 1-2: Ball 2-2: Ball 3-2: Base on Balls Anthony Rendon to second
|
Batting: SHB Francisco Mejia
|
0-0: Called Strike 0-1: Ball 1-1: Fly out, F8 (Flyball, 8RD, EV 88.1 MPH)
|
Bottom of the 4th over - 0 runs, 0 hits, 0 errors, 2 left on base; Kansas City 0 - Arizona 3 |
TOP OF THE 5TH |
Kansas City Royals batting - Pitching for Arizona Diamondbacks : RHP Dinelson Lamet
|
Batting: RHB Nolan Arenado
|
0-0: Ball 1-0: Foul Ball, location: 2F 1-1: TRIPLE (Flyball, 89XD, EV 104.4 MPH)
|
Batting: SHB Jurickson Profar
|
0-0: Swinging Strike 0-1: Foul Ball, location: 2F 0-2: Foul Ball, location: 2F 0-2: 2-RUN HOME RUN (Line Drive, 89XD, EV 104.4 MPH), Distance : 418 ft
|
Batting: RHB Dansby Swanson
|
0-0: Called Strike 0-1: Called Strike 0-2: Strikes out swinging
|
Batting: RHB Sean Murphy
|
0-0: Ball 1-0: Fly out, F5 (Flyball, 5D, EV 88.8 MPH)
|
Batting: LHB Alex Gordon
|
0-0: Called Strike 0-1: Ground out 4-3 (Groundball, 4D, EV 103.8 MPH)
|
Top of the 5th over - 2 runs, 2 hits, 0 errors, 0 left on base; Kansas City 2 - Arizona 3 |
BOTTOM OF THE 5TH |
Arizona Diamondbacks batting - Pitching for Kansas City Royals : RHP Aaron Nola
|
Batting: RHB Dinelson Lamet
|
0-0: Foul Ball, location: 2F 0-1: Swinging Strike 0-2: Strikes out looking
|
Batting: LHB Raimel Tapia
|
0-0: Foul Ball, location: 2F 0-1: Ball 1-1: Ground out 5-3 (Groundball, 5, EV 96.3 MPH)
|
Batting: LHB Socrates Brito
|
0-0: Ball 1-0: Called Strike 1-1: Ground out 5-3 (Groundball, 56, EV 88.1 MPH)
|
Bottom of the 5th over - 0 runs, 0 hits, 0 errors, 0 left on base; Kansas City 2 - Arizona 3 |
TOP OF THE 6TH |
Kansas City Royals batting - Pitching for Arizona Diamondbacks : RHP Dinelson Lamet
|
Batting: RHB Aaron Nola
|
0-0: Called Strike 0-1: Foul Ball, location: 2F 0-2: Strikes out looking
|
Batting: RHB Manuel Margot
|
0-0: Foul Ball, location: 2F 0-1: Fly out, F9 (Line Drive, 89M, EV 91.3 MPH)
|
Batting: RHB Howie Kendrick
|
0-0: Ball 1-0: Called Strike 1-1: Swinging Strike 1-2: Ball 2-2: Strikes out swinging
|
Top of the 6th over - 0 runs, 0 hits, 0 errors, 0 left on base; Kansas City 2 - Arizona 3 |
BOTTOM OF THE 6TH |
Arizona Diamondbacks batting - Pitching for Kansas City Royals : RHP Aaron Nola
|
Pitching: LHP JoJo Romero
|
|
Batting: RHB Gleyber Torres
|
0-0: Ball 1-0: Fly out, F8 (Flyball, 78D, EV 82.5 MPH)
|
Batting: RHB Anthony Rendon
|
0-0: Called Strike 0-1: Foul Ball, location: 2F 0-2: SINGLE (Groundball, 5S, EV 66.3 MPH) (infield hit)
|
Batting: RHB Fernando Tatis Jr.
|
0-0: Foul Ball, location: 2F 0-1: Ball 1-1: Called Strike 1-2: Strikes out swinging
|
Batting: LHB Ryan McMahon
|
0-0: Single, Error in OF, E9, batter to second base (Groundball, 3D, EV 105.6 MPH) Anthony Rendon to third
|
Batting: LHB Josh Reddick
|
0-0: Ball 1-0: Called Strike 1-1: Foul Ball, location: 2F 1-2: Ball 2-2: Strikes out looking
|
Bottom of the 6th over - 0 runs, 2 hits, 1 error, 2 left on base; Kansas City 2 - Arizona 3 |
TOP OF THE 7TH |
Kansas City Royals batting - Pitching for Arizona Diamondbacks : RHP Dinelson Lamet
|
Pitching: RHP Kodi Whitley
|
|
Batting: LHB Anthony Rizzo
|
0-0: Called Strike 0-1: Foul Ball, location: 2F 0-2: Foul Ball, location: 2F 0-2: Ball 1-2: Foul Ball, location: 2F 1-2: Ball 2-2: Ball 3-2: Fly out, F7 (Flyball, 7S, EV 81.9 MPH)
|
Batting: RHB Nolan Arenado
|
0-0: Ball 1-0: Ball 2-0: Called Strike 2-1: Foul Ball, location: 2F 2-2: Foul Ball, location: 2F 2-2: Foul Ball, location: 2F 2-2: Ground out 6-3 (Groundball, 6, EV 103.8 MPH)
|
Batting: SHB Jurickson Profar
|
0-0: Ball 1-0: Foul Ball, location: 2F 1-1: Ball 2-1: Fly out, F6 (Popup, 6M, EV 78.8 MPH)
|
Top of the 7th over - 0 runs, 0 hits, 0 errors, 0 left on base; Kansas City 2 - Arizona 3 |
BOTTOM OF THE 7TH |
Arizona Diamondbacks batting - Pitching for Kansas City Royals : LHP JoJo Romero
|
Pitching: RHP Carl Edwards Jr.
|
|
Batting: SHB Francisco Mejia
|
0-0: Called Strike 0-1: Ball 1-1: Fly out, F8 (Flyball, 8LS, EV 78.1 MPH)
|
Pinch Hitting: LHB Alex Verdugo
|
0-0: Called Strike 0-1: Called Strike 0-2: Foul Ball, location: 2F 0-2: Strikes out swinging
|
Batting: LHB Raimel Tapia
|
0-0: Ball 1-0: Fly out, F6 (Popup, 4D, EV 64.4 MPH)
|
Bottom of the 7th over - 0 runs, 0 hits, 0 errors, 0 left on base; Kansas City 2 - Arizona 3 |
TOP OF THE 8TH |
Kansas City Royals batting - Pitching for Arizona Diamondbacks : RHP Kodi Whitley
|
Pitching: RHP Blake Treinen
|
|
Batting: RHB Dansby Swanson
|
0-0: Ball 1-0: Called Strike 1-1: Called Strike 1-2: Strikes out looking
|
Batting: RHB Sean Murphy
|
0-0: Called Strike 0-1: Ball 1-1: Ball 2-1: SINGLE (Line Drive, 78M, EV 87.5 MPH)
|
Pinch Hitting: LHB Jesse Winker
|
0-0: Foul Ball, location: 2F 0-1: Ball 1-1: Swinging Strike 1-2: Strikes out swinging
|
Pinch Hitting: RHB Aristides Aquino
|
0-0: Called Strike 0-1: Foul Ball, location: 2F 0-2: Foul Ball, location: 2F 0-2: Foul Ball, location: 2F 0-2: Ball 1-2: Ball 2-2: Foul Ball, location: 2F 2-2: Fielders Choice at 2nd, 5-4 (Groundball, 5L, EV 104.4 MPH)
|
Top of the 8th over - 0 runs, 1 hit, 0 errors, 1 left on base; Kansas City 2 - Arizona 3 |
BOTTOM OF THE 8TH |
Arizona Diamondbacks batting - Pitching for Kansas City Royals : RHP Carl Edwards Jr.
|
Pitching: RHP Jairo Diaz
|
|
Now in LF: Jesse Winker
|
|
Batting: LHB Socrates Brito
|
0-0: Ball 1-0: Ball 2-0: Called Strike 2-1: Fly out, F5 (Line Drive, 5, EV 68.8 MPH)
|
Batting: RHB Gleyber Torres
|
0-0: SINGLE (Groundball, 6MD, EV 104.4 MPH)
|
Batting: RHB Anthony Rendon
|
0-0: Called Strike 0-1: Ball 1-1: Ball 2-1: Ground out 4-3 (Groundball, 34, EV 84.4 MPH) Gleyber Torres to second
|
Batting: RHB Fernando Tatis Jr.
|
0-0: Ball 1-0: Foul Ball, location: 2F 1-1: Fly out, F9 (Flyball, 89D, EV 93.8 MPH)
|
Bottom of the 8th over - 0 runs, 1 hit, 0 errors, 1 left on base; Kansas City 2 - Arizona 3 |
TOP OF THE 9TH |
Kansas City Royals batting - Pitching for Arizona Diamondbacks : RHP Blake Treinen
|
Pitching: RHP Keone Kela
|
|
Pinch Hitting: LHB Trent Grisham
|
0-0: Ball 1-0: Swinging Strike 1-1: Called Strike 1-2: Ball 2-2: Foul Ball, location: 2F 2-2: Ball 3-2: Strikes out swinging
|
Batting: RHB Howie Kendrick
|
0-0: Reached on error, E9 (Flyball, 9, EV 90.6 MPH)
|
Batting: LHB Anthony Rizzo
|
0-0: Ball 1-0: Fly out, F7 (Flyball, 7LM, EV 88.8 MPH)
|
Batting: RHB Nolan Arenado
|
0-0: Called Strike 0-1: Called Strike 0-2: Strikes out swinging
|
Top of the 9th over - 0 runs, 0 hits, 1 error, 1 left on base; Kansas City 2 - Arizona 3 |
|